 Dungeon Crawl Stone Soup version 0.31-a0-221-gbddc013574 (webtiles) character file.

Game seed: 15847777141989822162

105 qw the Shooter (level 4, -7/26 HPs)
             Began as a Gargoyle Hexslinger on July 4, 2023.
             Killed by divine providence
             ... invoked by an orc priest
              (12 damage)
             ... on level 3 of the Dungeon.
             The game lasted 00:00:53 (2429 turns).

qw the Shooter (Gargoyle Hexslinger)                Turns: 2429, Time: 00:00:54

Health: -7/26      AC: 12    Str: 11    XL:     4   Next: 83%
Magic:  5/5        EV: 12    Int: 14    God:
Gold:   95         SH:  0    Dex: 20    Spells: 4/5 levels left

rFire   . . .        Y - +2 sling (freeze)
rCold   . . .        (no shield)
rNeg    + . .        k - +2 leather armour {rPois}
rPois   inf          e - +0 helmet
rElec   +            (no cloak)
rCorr   .            b - +2 pair of gloves
SInv    .            (no boots)
Will    .....        (no amulet)
Stlth   +            h - +6 ring of dexterity
HPRegen 0.24/turn    (no ring)
MPRegen 0.09/turn

%: no passive effects
@: no status effects
A: sickness immunity, AC +3, negative energy resistance 1, electricity
resistance, torment resistance 1, petrification resistance
a: no special abilities


You were on level 3 of the Dungeon.
You visited 1 branch of the dungeon, and saw 4 of its levels.

You collected 95 gold pieces.


Innate Abilities, Weirdness & Mutations

You are immune to sickness and miasma.
Your stone body is resilient. (AC +3)
You are immune to poison.
You resist negative energy. (rN+)
You are resistant to electric shocks. (rElec)
You are resistant to unholy torment.
You are immune to petrification.


   Skills:
 - Level 2.0 Fighting
 + Level 4.3 Ranged Weapons
 - Level 1.2 Armour
 - Level 1.5 Dodging
 - Level 1.0 Spellcasting
 - Level 2.6 Hexes


You had 4 spell levels left.
You knew the following spells:

 Your Spells              Type           Power      Damage    Failure   Level
a - Slow                  Hex            32%        N/A       12%         1

Your spell library contained the following spells:

 Spells                   Type           Power      Damage    Failure   Level
 Inner Flame              Hex/Fire       4%         N/A       52%         3
 Portal Projectile        Hex/Tloc       8%         N/A       52%         3
 Cause Fear               Hex            4%         N/A       75%         4

Inventory:

Hand Weapons
 Y - a +2 sling of freezing (weapon)
Armour
 b - a +2 pair of gloves (worn)
 e - a +0 helmet (worn)
 k - a +2 leather armour of poison resistance (worn)
Jewellery
 h - a +6 ring of dexterity (left hand)
Scrolls
 a - 5 scrolls of identify
Potions
 c - a potion of might
 j - a potion of mutation
 l - a potion of curing

Dungeon Overview and Level Annotations

Branches:
Dungeon (4/15)
 Temple: D:4-7

Altars:
Elyvilon

Shops:
D:1 ?   D:2 [


Message History

You climb downwards.
The ufetubus closely misses you. The ufetubus barely misses you.
The orc hits you with a +0 whip.
The orc warrior hits you but does no damage.
The orc wizard mumbles some strange words.
The orc wizard flickers and vanishes!
Deactivating autopickup; reactivate with Ctrl-A.
The ufetubus hits you but does no damage.
The ufetubus closely misses you.
There is a stone staircase leading up here.
You shoot a sling bullet. The sling bullet hits the orc warrior.
The sling bullet freezes the orc warrior.
The orc warrior is lightly wounded.
The ufetubus closely misses you. x2; An orc priest opens the door.
The orc warrior closely misses you. The orc barely misses you.
The ufetubus barely misses you. The ufetubus completely misses you.
The orc hits you but does no damage.
The orc priest hits you but does no damage.
The orc warrior hits you with a +0 mace!
2425 ||| STAIRDANCE The ufetubus barely misses you.
The ufetubus misses you. The orc priest hits you with a +0 mace.
The orc priest looks braver for a moment.
The ufetubus barely misses you. The ufetubus misses you.
The orc warrior hits you with a +0 mace!
You climb upwards.
Reactivating autopickup.
There is a stone staircase leading down here.
You shoot a sling bullet.
The sling bullet barely misses the orc warrior.
The sling bullet closely misses the orc.
You shoot a sling bullet. The sling bullet hits the orc warrior.
The sling bullet freezes the orc warrior.
The orc warrior is moderately wounded.
The orc priest barely misses you.
You shoot a sling bullet.
The sling bullet hits the orc warrior but does no damage.
The orc warrior is moderately wounded.
The orc priest invokes the aid of Beogh against you.
Beogh smites you!
You die...

######################
#..............%.....#######
#.###.#######.######..).....
######.###>#
#......########.
...........# ########.## #.
.........#.# #@oo......# #.
...###.#.#.#####o######..#
#. ....##.#.......5o# ##..#
#. .###.#.###..###.##
##...## #. ## ##..#
#..###.#####.....# #. # #..#
#..#............## ##. ##
##.## #..#.#.#####.#..# #..
.###.#####..#.#.# #.#..# #.#
....##......#.#.# #.#..# #.#


You could see an orc warrior, 2 orc priests, an orc and an ufetubus.

Vanquished Creatures
  5 adders
  A worm (D:2)
  2 dart slugs
  8 endoplasms
  3 giant cockroaches
  A goblin (D:1)
  4 hobgoblins
  3 jackals (D:1)
  2 quokkas (D:1)
  7 ball pythons
  3 bats
  2 frilled lizards (D:1)
  3 kobolds
  6 rats
50 creatures vanquished.

Notes
Turn   | Place    | Note
-------+----------+-------------------------------------------
     0 | D:1      | qw the Gargoyle Hexslinger began the quest for the Orb.
     0 | D:1      | Reached XP level 1. HP: 12/12 MP: 2/2
     0 | D:1      | 0 ||| qw: Version: 0.3-a-41-g9d075ac
     0 | D:1      | 0 ||| qw: Game counter: 804
     0 | D:1      | 0 ||| qw: Melee chars always use a shield: true
     0 | D:1      | 0 ||| qw: God list: Okawaru
     0 | D:1      | 0 ||| qw: Allow faded altars: false
     0 | D:1      | 0 ||| qw: Do Orc after clearing Dungeon:15 true
     0 | D:1      | 0 ||| qw: Do second Lair branch before Depths: true
     0 | D:1      | 0 ||| qw: Lair rune preference: random
     0 | D:1      | 0 ||| qw: Goals: Normal
     0 | D:1      | 0 ||| PLANNING D:1-11
   155 | D:1      | Reached XP level 2. HP: 12/16 MP: 3/3
   183 | D:1      | Found Gesujaph's Magic Scroll Emporium.
   191 | D:1      | 191 ||| SHOPLISTING scroll of enchant armour (75 gold, have
                  | 0).
   191 | D:1      | 191 ||| SHOPLISTING scroll of identify (20 gold, have 0).
   191 | D:1      | 191 ||| SHOPLISTING scroll of teleportation (30 gold, have
                  | 0).
   241 | D:1      | Reached skill level 3 in Ranged Weapons
   357 | D:1      | 357 ||| FLEEEEING.
   638 | D:1      | Reached XP level 3. HP: 18/21 MP: 4/4
   653 | D:1      | 653 ||| UPGRADING to +0 helmet.
   658 | D:1      | 658 ||| UPGRADING to +0 ring mail.
   668 | D:1      | 668 ||| DROPPING +0 robe.
   669 | D:1      | 669 ||| DROPPING ring of wizardry.
   670 | D:1      | 670 ||| UPGRADING to +6 ring of dexterity.
   671 | D:1      | 671 ||| READING scroll labelled JOATIR LECA.
   672 | D:1      | 672 ||| READING scroll labelled GUXAXTIPHA.
   673 | D:1      | 673 ||| DROPPING scroll of poison.
   760 | D:2      | Reached skill level 1 in Armour
   765 | D:2      | 765 ||| READING scroll labelled GAINLO ILIHAX.
   837 | D:2      | Identified the +0 spear of Annihilation {flame, rC+ Will-
                  | Str+2 Stlth+}
   842 | D:2      | Found a faded altar of an unknown god.
   914 | D:2      | Reached XP level 4. HP: 26/26 MP: 5/5
   945 | D:2      | Found Witasu's Armour Shoppe.
  1530 | D:2      | 1530 ||| UPGRADING to +2 pair of gloves.
  1535 | D:2      | 1535 ||| READING scroll labelled XASMYI NEKKU.
  1536 | D:2      | 1536 ||| READING scroll labelled VIUD PUICAZU.
  1553 | D:2      | 1553 ||| READING scroll labelled AFISOMP ZATEEM.
  1654 | D:2      | 1654 ||| READING scroll labelled UWUONA KELUMM.
  1655 | D:2      | 1655 ||| DRINKING 2 fuming amethyst potions.
  1728 | D:3      | Found a white marble altar of Elyvilon.
  1828 | D:3      | 1828 ||| SWAPPING to +2 sling of freezing.
  1829 | D:3      | 1829 ||| DROPPING +2 sling.
  2235 | D:3      | Reached skill level 4 in Ranged Weapons
  2338 | D:3      | 2338 ||| UPGRADING to +2 leather armour of poison
                  | resistance.
  2348 | D:3      | 2348 ||| DROPPING +0 ring mail.
  2349 | D:3      | 2349 ||| READING scroll labelled MOLAMADIELE.
  2350 | D:3      | 2350 ||| READING scroll labelled YGITRA EBRARONT.
  2351 | D:3      | 2351 ||| READING 7 scrolls of identify.
  2351 | D:3      | 2351 ||| IDENTIFYING grey potion
  2352 | D:3      | 2352 ||| READING 6 scrolls of identify.
  2352 | D:3      | 2352 ||| IDENTIFYING lumpy black potion
  2371 | D:4      | Noticed an orc warrior
  2373 | D:4      | 2373 ||| STAIRDANCE
  2425 | D:4      | 2425 ||| STAIRDANCE
  2425 | D:4      | HP: 4/26 [orc warrior/+0 mace (11)]
  2429 | D:3      | Killed from afar by an orc priest

Levels and vault maps discovered:
D:1:      amcnicky_arrival_gap_in_the_tavern_cellar, layout_loops_cross,
          serial_shops, nicolae_shop_waterfront
D:2:      layout_basic, nicolae_ecumenical_pavilion, serial_shops, shop,
          serial_bayou, serial_bayou_shore_a, serial_bayou_pond_c,
          serial_bayou_pond_c, serial_bayou_pond_c, serial_bayou_pond_a,
          minmay_pentomino_s2
D:3:      layout_loops_ring, nicolae_elyvilon_peaceful_grove, minmay_hedge_maze
D:4:      layout_gridville, nicolae_gozag_seed_capital,
          nicolae_ru_the_path_less_chosen, grunt_temple_overflow_diamond,
          corexii_hall_statues_i

Skill      XL: |  1  2  3  4 |
---------------+-------------+-----
Ranged Weapons | 3 4 |  4.3
Fighting       | 2 |  2.0
Armour         | 1 |  1.2
Dodging        | |  1.5
Spellcasting   | |  1.0
Hexes          | |  2.6

Action                     |  1- 3 |  4- 6 || total
---------------------------+-------+-------++-------
   Fire: Sling             |    98 |    59 ||   157
    Use: Scroll            |     3 |     8 ||    11
         Potion            |       |     1 ||     1
 Armour: Robe              |    21 |       ||    21
         Ring mail         |     4 |    16 ||    20
         Leather armour    |       |     5 ||     5
  Dodge: Dodged            |    47 |    31 ||    78

Table legend:
 A = Non-vault XP
 B = Vault XP
 C = Vault XP percentage of total XP
 D = Non-vault monster count
 E = Vault monster count
 F = Vault count percentage of total count
                 A         B        C        D         E       F
            +---------+---------+-------+---------+---------+-------
      Total |     136 |      15 |   9.9 |      48 |       2 |   4.0
            +---------+---------+-------+---------+---------+-------
        D:1 |      35 |       0 |   0.0 |      20 |       0 |   0.0
        D:2 |      46 |      15 |  24.6 |      16 |       2 |  11.1
        D:3 |      55 |       0 |   0.0 |      12 |       0 |   0.0
            +---------+---------+-------+---------+---------+-------
